 Dungeon Crawl Stone Soup version 0.32-a0-17-gb74e046682 (webtiles) character file.

Game seed: 10778315101705102727

109 oldriver the Magician (level 4, -3/34 HPs)
             Began as a Demonspawn Earth Elementalist on Jan 15, 2024.
             Killed by divine providence
             ... invoked by an orc priest
              (13 damage)
             ... on level 3 of the Dungeon.
             The game lasted 00:04:09 (2756 turns).

oldriver the Magician (DsEE)                        Turns: 2756, Time: 00:04:10

Health: -3/34      AC:  3    Str:  9    XL:     4   Next: 60%
Magic:  5/9        EV: 12    Int: 17    God:
Gold:   122        SH:  5    Dex: 13    Spells: 2/9 levels left

rFire   . . .        f - +2 dagger (venom)
rCold   . . .        (no shield)
rNeg    . . .        a - +1 robe
rPois   .            (no helmet)
rElec   .            (no cloak)
rCorr   .            (no gloves)
SInv    .            (no boots)
Will    .....        h - amulet of reflection
Stlth   ++           (no ring)
HPRegen 0.25/turn    (no ring)
MPRegen 0.11/turn

%: reflection
@: mighty
A: foul stench 1, powered by death 1, demonic touch 1
a: no special abilities


You were on level 3 of the Dungeon.
You visited 1 branch of the dungeon, and saw 3 of its levels.

You collected 122 gold pieces.

Inventory:

Hand Weapons
 f - a +2 dagger of venom (weapon)
Armour
 a - a +1 robe (worn)
Jewellery
 c - a ring of poison resistance
 h - an amulet of reflection (around neck)
Scrolls
 d - a scroll of teleportation
 g - a scroll of immolation
 i - a scroll of fear
Potions
 b - a potion of magic
 e - a potion of might
 k - a potion of brilliance
 n - a potion of invisibility {unknown}


   Skills:
 + Level 2.9 Fighting
 - Level 1.7 Dodging
 - Level 1.7 Stealth
 + Level 3.4 Spellcasting
 + Level 1.0 Conjurations
 + Level 2.6 Earth Magic


You had 2 spell levels left.
You knew the following spells:

 Your Spells              Type           Power      Damage    Failure   Level
a - Sandblast             Erth           24%        2d8       5%          1
b - Passwall              Erth           12%        N/A       17%         3
c - Stone Arrow           Conj/Erth      18%        3d8       24%         3

Your spell library contained the following spells:

 Spells                   Type           Power      Damage    Failure   Level
 Kiss of Death            Conj/Necr      16%        2d6       14%         1
 Confusing Touch          Hex            2%         N/A       45%         3
 Brom's Barrelling Bould  Conj/Erth      9%         2d3       61%         4
 Petrify                  Alch/Erth      7%         N/A       67%         4
 Dispel Undead            Necr           2%         3d7       86%         4


Dungeon Overview and Level Annotations

Branches:
Dungeon (3/15)

Altars:

Shops:
D:3 [*(*


Innate Abilities, Weirdness & Mutations

You may rarely emit foul miasma when damaged in melee.
You regenerate a little health from kills.
Your touch may inflict minor irresistible damage on your foes.


Message History

There are monsters nearby!
There are monsters nearby!
The blast of sand hits the orc.
The orc is lightly wounded.
The orc completely misses you. The orc hits you with a +0 dagger.
The blast of sand hits the orc!
You kill the orc!
The orc closely misses you.
The orc priest invokes the aid of Beogh against you.
Beogh smites you!
You are too injured to fight recklessly!
You are too injured to fight recklessly!
You are too injured to fight recklessly!
You hit the orc but do no damage.
The orc is poisoned.
The orc hits you with a +0 whip.
Casting: Sandblast (safe; 5% risk of failure)
Confirm with . or Enter, or press ? or * to list all spells.
Aiming: Sandblast (safe; 5% risk of failure)
Press: ? - help, Shift-Dir - straight line, f - orc priest
Aim: an orc priest, wielding a +0 whip and wearing a +0 leather armour of cold resistance (82% to hit)
The blast of sand hits the orc priest but does no damage.
The orc hits you with a +0 whip. The orc priest misses you.
The orc priest hits you with a +0 whip.
* * * LOW HITPOINT WARNING * * *
The orc closely misses you.
Casting: Sandblast (safe; 5% risk of failure)
Confirm with . or Enter, or press ? or * to list all spells.
Aiming: Sandblast (safe; 5% risk of failure)
Press: ? - help, Shift-Dir - straight line, f/p - orc priest
Aim: an orc priest, wielding a +0 whip and wearing a +0 leather armour of cold resistance (82% to hit)
The blast of sand hits the orc priest!
The orc priest is heavily wounded.
The orc barely misses you. The orc priest hits you with a +0 whip.
* * * LOW HITPOINT WARNING * * *
It was a potion of might.
You feel very mighty all of a sudden. You block the orc's attack.
The orc priest mumbles some strange prayers to Beogh against you.
Beogh smites you!
You die...

#.#####.......#..>.#
##.#####.##..#.##.#.#
#............#.##.#.#
#..##.#.......÷.....#####
#.>##.##.##..#...........
#..##.##.##..(...##.##.##
#..##.##.##.####.##.##.#
#..##.##..#.####.##.##(#
#.......@........##.##.#
###.###.#)oo....#........#
#...#
#.#.8...8.#......#∩##
#.###
#.#.......#.......... #.#
#.#.......#........## #.#
#.#.......#.#####.### #.#
#.#.8...8.#.....)...> #.#
#.#.......#..#)##.### #.#
#.# ....# #. #.#


You could see an orc priest and an orc (very poisoned).

Vanquished Creatures
  3 adders (D:2)
  2 ribbon worms
  3 dart slugs
  An orc (D:3)
  6 bats
  6 endoplasms
  2 giant cockroaches (D:1)
  4 goblins
  10 hobgoblins
  9 jackals
  3 kobolds
  9 ball pythons
  4 rats
62 creatures vanquished.

Notes
Turn   | Place    | Note
-------+----------+-------------------------------------------
     0 | D:1      | oldriver the Demonspawn Earth Elementalist began the quest
                  | for the Orb.
     0 | D:1      | Reached XP level 1. HP: 13/13 MP: 3/3
   140 | D:1      | Reached skill level 1 in Fighting
   245 | D:1      | Gained mutation: You may rarely emit foul miasma when
                  | damaged in melee. [demonic ancestry]
   245 | D:1      | Reached XP level 2. HP: 13/21 MP: 1/5
   629 | D:1      | Gained mutation: You regenerate a little health from kills.
                  | [demonic ancestry]
   629 | D:1      | Reached XP level 3. HP: 27/27 MP: 4/7
  1473 | D:2      | Reached skill level 3 in Spellcasting
  1704 | D:2      | Gained mutation: Your touch may inflict minor irresistible
                  | damage on your foes. [demonic ancestry]
  1704 | D:2      | Reached XP level 4. HP: 34/34 MP: 6/8
  2219 | D:3      | Found Yweokhlol's General Store.
  2339 | D:3      | Found Iriush's Antique Weapon Shop.
  2437 | D:3      | Found Doxoed's Armour Boutique.
  2569 | D:3      | Found a faded altar of an unknown god.
  2618 | D:3      | Found Wouq's Assorted Antiques.
  2711 | D:3      | Learned a level 3 spell: Passwall
  2715 | D:3      | Learned a level 3 spell: Stone Arrow
  2756 | D:3      | Killed from afar by an orc priest

Illustrated notes

Levels and vault maps discovered:
D:1:      evilmike_arrival_crescent, layout_basic, minmay_liquid_box,
          hex_medium, fountainhead
D:2:      layout_loops_ring
D:3:      cheibrodos_pilgrimage, layout_loops_ring,
          shapermc_ecumenical_altar_petra, serial_shops, shop, shop,
          nicolae_shop_real_fake_doors, shop

Skill      XL: |  1  2  3 |
---------------+----------+-----
Fighting       | 1 2 |  2.9
Spellcasting   | 3 |  3.4
Dodging        | |  1.7
Stealth        | |  1.7
Conjurations   | |  1.0
Earth Magic    | |  2.6

Action                     |  1- 3 |  4- 6 || total
---------------------------+-------+-------++-------
  Melee: Unarmed           |     9 |       ||     9
         Dagger            |    13 |     2 ||    15
   Cast: Sandblast         |    65 |    29 ||    94
    Use: Scroll            |     8 |       ||     8
         Potion            |       |     1 ||     1
 Armour: Robe              |    24 |     8 ||    32
  Dodge: Dodged            |    37 |    11 ||    48
  Block: Other             |     2 |     3 ||     5

Table legend: (Time is in decaauts)
 A = Elapsed time spent in this place.
 B = Non-inter-level travel time spent in this place.
 C = Inter-level travel time spent in this place.
 D = Time resting spent in this place.
 E = Time spent auto-exploring this place.
 F = Levels seen in this place.
 G = Mean time per level.
                   A        B        C        D        E       F      G
               +--------+--------+--------+--------+--------+-----+--------+
         Total |   2808 |   2748 |     60 |    240 |   2043 |   3 |  936.0 |
       Dungeon |   2808 |   2748 |     60 |    240 |   2043 |   3 |  936.0 |
               +--------+--------+--------+--------+--------+-----+--------+

Top non-repeatable levels by time:
     D:1: 1366 daAuts
     D:2: 898 daAuts
     D:3: 543 daAuts
